PCL
MILE HIGH BRONCOS @ GRESHAM GOLD SOULS
06/13/2027
 
TOP OF THE 1ST
Mile High Broncos batting - Pitching for Gresham Gold Souls : RHP Luis Fernández
Pitching: RHP Luis Fernández
Batting: LHB Ernesto López 0-0: Ball
1-0: Ball
2-0: Called Strike
2-1: Fly out, F8 (Flyball, 8LS)
Batting: RHB Rodney González 0-0: Called Strike
0-1: Ball
1-1: Ball
2-1: Swinging Strike
2-2: Ground out 1-3 (Groundball, 13S)
Batting: LHB Mark Everett 0-0: Ball
1-0: Ball
2-0: Ball
3-0: Base on Balls
Batting: RHB António Martínez 0-0: Ball
Mark Everett is caught stealing 2nd base
Top of the 1st over - 0 run(s), 0 hit(s), 0 error(s), 0 left on base; Mile High 0 - Gresham 0
BOTTOM OF THE 1ST
Gresham Gold Souls batting - Pitching for Mile High Broncos : RHP José García
Pitching: RHP José García
Batting: RHB Jim Edgar 0-0: Ball
1-0: Ball
2-0: Fly out, F8 (Flyball, 8LS)
Batting: LHB Bill Smith 0-0: Called Strike
0-1: Foul Ball, location: 2F
0-2: Foul Ball, location: 2F
0-2: Ground out 3-1 (Groundball, 34S)
Batting: RHB Peter Hensley 0-0: Ball
1-0: Ball
2-0: Ground out 6-3 (Groundball, 6S)
Bottom of the 1st over - 0 run(s), 0 hit(s), 0 error(s), 0 left on base; Mile High 0 - Gresham 0
TOP OF THE 2ND
Mile High Broncos batting - Pitching for Gresham Gold Souls : RHP Luis Fernández
Batting: RHB António Martínez 0-0: Ball
1-0: Foul Ball, location: 2F
1-1: Ball
2-1: Swinging Strike
2-2: Strikes out swinging
Batting: RHB Jeff Packard 0-0: Called Strike
0-1: Ball
1-1: Ground out 1-3 (Groundball, 15S)
Batting: RHB David Moran 0-0: Called Strike
0-1: Foul Ball, location: 2F
0-2: Ball
1-2: Ball
2-2: Ball
3-2: Foul Ball, location: 2F
3-2: Base on Balls
Batting: RHB Edward Williams 0-0: Foul Ball, location: 2F
0-1: Ball
1-1: DOUBLE (Line Drive, 7LM)
David Moran to third
Batting: LHB Don Hull 0-0: Ball
1-0: Swinging Strike
1-1: Ball
2-1: Foul Ball, location: 2F
2-2: Ground out 3-1 (Groundball, 34)
Top of the 2nd over - 0 run(s), 1 hit(s), 0 error(s), 2 left on base; Mile High 0 - Gresham 0
BOTTOM OF THE 2ND
Gresham Gold Souls batting - Pitching for Mile High Broncos : RHP José García
Batting: RHB Lorenzo Morín 0-0: Ball
1-0: Called Strike
1-1: SINGLE (Groundball, 34D)
Batting: RHB Luke McIndoe 0-0: Called Strike
0-1: Ball
1-1: Ball
2-1: Ball
3-1: Swinging Strike
3-2: Grounds into double play, 6-4-3 (Groundball, 6)
Batting: RHB Pablo Castillo 0-0: Ball
1-0: Called Strike
1-1: Ball
2-1: Called Strike
2-2: Foul Ball, location: 2F
2-2: Foul Ball, location: 2F
2-2: Ball
3-2: Base on Balls
Batting: SHB Sean Carr 0-0: Fielders Choice at 2nd, 4-6 (Groundball, 4)
Bottom of the 2nd over - 0 run(s), 1 hit(s), 0 error(s), 0 left on base; Mile High 0 - Gresham 0
TOP OF THE 3RD
Mile High Broncos batting - Pitching for Gresham Gold Souls : RHP Luis Fernández
Batting: RHB Evan Robinson 0-0: SINGLE (Groundball, 6MD)
Batting: LHB Ernesto López 0-0: Called Strike
0-1: Ball
1-1: Ball
2-1: Ball
3-1: Foul Ball, location: 2F
3-2: Foul Ball, location: 2F
3-2: Foul Ball, location: 2F
3-2: SINGLE (Groundball, 56D)
Evan Robinson to second
Batting: RHB Rodney González 0-0: Called Strike
0-1: Ball
1-1: Swinging Strike
1-2: Ball
2-2: Ball
3-2: SINGLE (Groundball, 56D)
Evan Robinson to third
Ernesto López to second
Batting: LHB Mark Everett 0-0: Ball
1-0: Ball
2-0: Called Strike
2-1: SINGLE (Groundball, 34S) (infield hit)
Evan Robinson scores
Ernesto López to third
Rodney González to second
Batting: RHB António Martínez 0-0: Ball
1-0: GRAND SLAM HOME RUN (Flyball, 7D), Distance : 389 ft
Batting: RHB Jeff Packard 0-0: Fly out, F8 (Flyball, 8RM)
Batting: RHB David Moran 0-0: Ball
1-0: Ball
2-0: Swinging Strike
2-1: Fly out, F2 (Popup, 3S)
Batting: RHB Edward Williams 0-0: Ball
1-0: Ball
2-0: Called Strike
2-1: Swinging Strike
2-2: Strikes out swinging
Top of the 3rd over - 5 run(s), 5 hit(s), 0 error(s), 0 left on base; Mile High 5 - Gresham 0
BOTTOM OF THE 3RD
Gresham Gold Souls batting - Pitching for Mile High Broncos : RHP José García
Batting: SHB Todd Smith 0-0: Ball
1-0: Ground out 1-3 (Groundball, P)
Batting: LHB Jeff Doss 0-0: Called Strike
0-1: Swinging Strike
0-2: Ball
1-2: Strikes out swinging
Batting: RHB Jim Edgar 0-0: Ball
1-0: Ball
2-0: Foul Ball, location: 2F
2-1: Foul Ball, location: 2F
2-2: Ball
3-2: Base on Balls
Batting: LHB Bill Smith 0-0: Called Strike
0-1: Ball
1-1: Ball
2-1: Ball
3-1: Foul Ball, location: 2F
3-2: Fly out, F7 (Line Drive, 78M)
Bottom of the 3rd over - 0 run(s), 0 hit(s), 0 error(s), 1 left on base; Mile High 5 - Gresham 0
TOP OF THE 4TH
Mile High Broncos batting - Pitching for Gresham Gold Souls : RHP Luis Fernández
Batting: LHB Don Hull 0-0: Foul Ball, location: 2F
0-1: Ball
1-1: Ground out 6-3 (Groundball, 6)
Batting: RHB Evan Robinson 0-0: Ball
1-0: Foul Ball, location: 2F
1-1: Foul Ball, location: 2F
1-2: Foul Ball, location: 2F
1-2: Foul Ball, location: 2F
1-2: Foul Ball, location: 2F
1-2: SINGLE (Flyball, 8RS)
Batting: LHB Ernesto López 0-0: SINGLE (Line Drive, 7S)
Evan Robinson to second
Batting: RHB Rodney González 0-0: Ball
1-0: Ball
2-0: Fly out, F9 (Flyball, 89M)
Batting: LHB Mark Everett 0-0: Ball
1-0: Swinging Strike
1-1: Fly out, F4 (Popup, 4S)
Top of the 4th over - 0 run(s), 2 hit(s), 0 error(s), 2 left on base; Mile High 5 - Gresham 0
BOTTOM OF THE 4TH
Gresham Gold Souls batting - Pitching for Mile High Broncos : RHP José García
Batting: RHB Peter Hensley 0-0: Foul Ball, location: 2F
0-1: Swinging Strike
0-2: Ball
1-2: Ball
2-2: Ball
3-2: Fly out, F9 (Flyball, 9LMF)
Batting: RHB Lorenzo Morín 0-0: Ball
1-0: Foul Ball, location: 2F
1-1: Foul Ball, location: 2F
1-2: Ball
2-2: Ball
3-2: Base on Balls
Batting: RHB Luke McIndoe 0-0: Ball
1-0: Fly out, F7 (Line Drive, 7)
Batting: RHB Pablo Castillo 0-0: Ball
1-0: Foul Ball, location: 2F
1-1: Ball
2-1: Ball
3-1: SINGLE (Line Drive, 4D)
Lorenzo Morín to second
Runner from 2nd tries for 3rd, SAFE, throw made to third
Batting: SHB Sean Carr 0-0: SINGLE (Groundball, 6D)
Lorenzo Morín scores
Pablo Castillo to second
Batting: SHB Todd Smith 0-0: Called Strike
0-1: Ground out 5-3 (Groundball, 56S)
Bottom of the 4th over - 1 run(s), 2 hit(s), 0 error(s), 2 left on base; Mile High 5 - Gresham 1
TOP OF THE 5TH
Mile High Broncos batting - Pitching for Gresham Gold Souls : RHP Luis Fernández
Pitching: RHP León Trevino
Batting: RHB António Martínez 0-0: Called Strike
0-1: Ball
1-1: Ball
2-1: Foul Ball, location: 2F
2-2: Ball
3-2: Base on Balls
Batting: RHB Jeff Packard 0-0: Called Strike
0-1: Ball
1-1: Ball
2-1: Ball
3-1: Called Strike
3-2: Base on Balls
António Martínez to second
Batting: RHB David Moran 0-0: Fly out, F8 (Flyball, 8RD)
Runner from 2nd tags up, SAFE at 3rd, no throw
Batting: RHB Edward Williams 0-0: Ball
1-0: Foul Ball, location: 2F
1-1: Called Strike
1-2: Foul Ball, location: 2F
1-2: Ball
2-2: SINGLE (Line Drive, 9S)
António Martínez scores
Jeff Packard to second
Runner from 2nd tries for 3rd, SAFE, no throw
Batting: LHB Don Hull 0-0: Ball
1-0: Ball
2-0: Ball
3-0: Base on Balls
Edward Williams to second
Batting: RHB Evan Robinson 0-0: Ball
1-0: Called Strike
1-1: Ball
2-1: Grounds into double play, 6-4-3 (Groundball, 6)
Top of the 5th over - 1 run(s), 1 hit(s), 0 error(s), 2 left on base; Mile High 6 - Gresham 1
BOTTOM OF THE 5TH
Gresham Gold Souls batting - Pitching for Mile High Broncos : RHP José García
Batting: LHB Jeff Doss 0-0: Called Strike
0-1: Ball
1-1: Ball
2-1: Foul Ball, location: 2F
2-2: Ball
3-2: Foul Ball, location: 2F
3-2: Base on Balls
Batting: RHB Jim Edgar 0-0: Ball
1-0: Foul Ball, location: 2F
1-1: Fielders Choice at 2nd, 5-4 (Groundball, 56)
Batting: LHB Bill Smith 0-0: Called Strike
0-1: Foul Ball, location: 2F
0-2: Foul Ball, location: 2F
0-2: Foul Ball, location: 2F
0-2: Ball
1-2: Fly out, F2 (Popup, 25)
Pitching: LHP Jorge García
Batting: RHB Peter Hensley 0-0: Ball
1-0: Called Strike
1-1: Ground out 4-3 (Groundball, 4S)
Bottom of the 5th over - 0 run(s), 0 hit(s), 0 error(s), 1 left on base; Mile High 6 - Gresham 1
TOP OF THE 6TH
Mile High Broncos batting - Pitching for Gresham Gold Souls : RHP León Trevino
Batting: LHB Ernesto López 0-0: Called Strike
0-1: Ball
1-1: Ball
2-1: SINGLE (Groundball, 4MD)
Pitching: RHP Paul Miller
Batting: RHB Rodney González 0-0: Ball
1-0: Ball
2-0: Ball
3-0: Called Strike
3-1: Foul Ball, location: 2F
3-2: SINGLE (Groundball, 34D)
Ernesto López to second
Runner from 2nd tries for 3rd, SAFE, no throw
Batting: LHB Mark Everett 0-0: Ball
1-0: Called Strike
1-1: Swinging Strike
1-2: Fly out, F4 (Popup, 3D)
Batting: RHB António Martínez 0-0: Ball
1-0: Ball
2-0: Fly out, F9 (Flyball, 9LSF)
Runner from 3rd tags up, SCORES, no throw
Batting: RHB Jeff Packard 0-0: Ground out 5-3 (Groundball, 56)
Top of the 6th over - 1 run(s), 2 hit(s), 0 error(s), 1 left on base; Mile High 7 - Gresham 1
BOTTOM OF THE 6TH
Gresham Gold Souls batting - Pitching for Mile High Broncos : LHP Jorge García
Batting: RHB Lorenzo Morín 0-0: Fly out, F8 (Flyball, 8LS)
Batting: RHB Luke McIndoe 0-0: Ball
1-0: Ball
2-0: Foul Ball, location: 2F
2-1: Ground out 6-3 (Groundball, 6S)
Batting: RHB Pablo Castillo 0-0: Ground out 5-3 (Groundball, 56)
Bottom of the 6th over - 0 run(s), 0 hit(s), 0 error(s), 0 left on base; Mile High 7 - Gresham 1
TOP OF THE 7TH
Mile High Broncos batting - Pitching for Gresham Gold Souls : RHP Arturo Martínez
Pitching: RHP Arturo Martínez
Batting: RHB David Moran 0-0: Called Strike
0-1: Ball
1-1: Ball
2-1: SOLO HOME RUN (Flyball, 7D), Distance : 378 ft
Batting: RHB Edward Williams 0-0: Ball
1-0: Ball
2-0: Called Strike
2-1: Swinging Strike
2-2: Ball
3-2: Fly out, F7 (Flyball, 7)
Batting: LHB Don Hull 0-0: Called Strike
0-1: Ball
1-1: Ball
2-1: Ball
3-1: Base on Balls
Batting: RHB Evan Robinson 0-0: Ball
1-0: Called Strike
1-1: Ball
2-1: Swinging Strike
2-2: Foul Ball, location: 2F
2-2: Ball
3-2: SINGLE (Groundball, 6MD)
Don Hull to second
Runner from 2nd tries for 3rd, SAFE, no throw
Batting: LHB Ernesto López 0-0: Swinging Strike
0-1: Ball
1-1: Swinging Strike
1-2: Strikes out looking
Batting: RHB Rodney González 0-0: Called Strike
0-1: SINGLE (Line Drive, 4D)
Don Hull scores
Evan Robinson to second
Batting: LHB Mark Everett 0-0: Called Strike
0-1: Foul Ball, location: 2F
0-2: Strikes out swinging
Top of the 7th over - 2 run(s), 3 hit(s), 0 error(s), 2 left on base; Mile High 9 - Gresham 1
BOTTOM OF THE 7TH
Gresham Gold Souls batting - Pitching for Mile High Broncos : LHP Jorge García
Batting: SHB Sean Carr 0-0: Swinging Strike
0-1: Ground out 5-3 (Groundball, 56S)
Batting: SHB Todd Smith 0-0: Ball
1-0: Ball
2-0: Ball
3-0: Base on Balls
Batting: LHB Jeff Doss 0-0: Ball
1-0: Grounds into double play, 6-4-3 (Groundball, 6)
Bottom of the 7th over - 0 run(s), 0 hit(s), 0 error(s), 0 left on base; Mile High 9 - Gresham 1
TOP OF THE 8TH
Mile High Broncos batting - Pitching for Gresham Gold Souls : RHP Arturo Martínez
Batting: RHB António Martínez 0-0: Ball
1-0: Ball
2-0: Ball
3-0: Called Strike
3-1: Foul Ball, location: 2F
3-2: Strikes out swinging
Batting: RHB Jeff Packard 0-0: Ball
1-0: Called Strike
1-1: Ball
2-1: Swinging Strike
2-2: Fly out, F9 (Flyball, 9)
Batting: RHB David Moran 0-0: Ball
1-0: Foul Ball, location: 2F
1-1: Ball
2-1: Ball
3-1: Base on Balls
Batting: RHB Edward Williams 0-0: Swinging Strike
0-1: Foul Ball, location: 2F
0-2: Fly out, F6 (Line Drive, 6M)
Top of the 8th over - 0 run(s), 0 hit(s), 0 error(s), 1 left on base; Mile High 9 - Gresham 1
BOTTOM OF THE 8TH
Gresham Gold Souls batting - Pitching for Mile High Broncos : LHP Jorge García
Now at 3B: Paco Martínez
Now at SS: Luis Alvarado
Batting: RHB Jim Edgar 0-0: Foul Ball, location: 2F
0-1: Ground out 6-3 (Groundball, 56)
Batting: LHB Bill Smith 0-0: Swinging Strike
0-1: Swinging Strike
0-2: Strikes out swinging
Batting: RHB Peter Hensley 0-0: Ball
1-0: Ball
2-0: Ball
3-0: Called Strike
3-1: Swinging Strike
3-2: Strikes out swinging
Bottom of the 8th over - 0 run(s), 0 hit(s), 0 error(s), 0 left on base; Mile High 9 - Gresham 1
TOP OF THE 9TH
Mile High Broncos batting - Pitching for Gresham Gold Souls : RHP Arturo Martínez
Batting: LHB Don Hull 0-0: Called Strike
0-1: Swinging Strike
0-2: SINGLE (Groundball, 4D)
Batting: RHB Evan Robinson 0-0: Called Strike
0-1: Ball
1-1: Ball
2-1: Called Strike
2-2: Ball
3-2: Base on Balls
Don Hull to second
Pitching: RHP Miguel Ortíz
Batting: LHB Ernesto López 0-0: SINGLE (Groundball, 34S) (infield hit)
Don Hull to third
Evan Robinson to second
Pinch Runner at 1st Jesús González:
Batting: RHB Rodney González 0-0: Foul Ball, location: 2F
0-1: Fly out, F7 (Flyball, 7LD)
Runner from 3rd tags up, SCORES, no throw
Batting: LHB Mark Everett 0-0: Called Strike
0-1: Ball
1-1: Called Strike
1-2: Ball
2-2: SINGLE (Flyball, 8LS)
Evan Robinson to third
Jesús González to second
Throwing error, E8
Evan Robinson scores
Jesús González to third
Mark Everett to second
Batting: RHB Luis Alvarado 0-0: Swinging Strike
0-1: Foul Ball, location: 2F
0-2: Foul Ball, location: 2F
0-2: Ball
1-2: SINGLE (Popup, 34D)
Jesús González scores
Mark Everett to third
Runner from 3rd tries for Home, SAFE, throw made home
Luis Alvarado to second
Batting: RHB Jeff Packard 0-0: Ball
1-0: Called Strike
1-1: Ball
2-1: Ball
3-1: Foul Ball, location: 2F
3-2: Fly out, F8 (Flyball, 8RXD)
Runner from 2nd tags up, SAFE at 3rd, no throw
Batting: SHB Paco Martínez 0-0: Ball
1-0: Ball
2-0: Called Strike
2-1: Ground out 6-3 (Groundball, 6M)
Top of the 9th over - 4 run(s), 4 hit(s), 1 error(s), 1 left on base; Mile High 13 - Gresham 1
BOTTOM OF THE 9TH
Gresham Gold Souls batting - Pitching for Mile High Broncos : LHP Jorge García
Now at 2B: Keith Shaffer
Now in LF: Jesús González
Batting: RHB Lorenzo Morín 0-0: Ground out 6-3 (Groundball, 6)
Batting: RHB Luke McIndoe 0-0: Called Strike
0-1: SOLO HOME RUN (Flyball, 78XD), Distance : 404 ft
Batting: RHB Pablo Castillo 0-0: Called Strike
0-1: Ball
1-1: Ball
2-1: Fly out, F8 (Flyball, 8LM)
Batting: SHB Sean Carr 0-0: Foul Ball, location: 2F
0-1: Ball
1-1: Foul Ball, location: 2F
1-2: Ball
2-2: Ball
3-2: Base on Balls
Batting: SHB Todd Smith 0-0: Ball
Wild Pitch!
Sean Carr to second
1-0: Called Strike
1-1: Ground out 4-3 (Groundball, 34D)
Bottom of the 9th over - 1 run(s), 1 hit(s), 0 error(s), 1 left on base; Mile High 13 - Gresham 2
Thursday, March 30th, 2017 - OOTP Baseball 17.12 Build 75